 Dungeon Crawl Stone Soup version 0.29-a0-323-g050149af67 (webtiles) character file.

Game seed: 13251018373022736710

2 kae the Gusty (level 1, -1/16 HPs)
             Began as an Ogre Air Elementalist on Apr 11, 2022.
             Slain by a quokka (4 damage)
             ... on level 1 of the Dungeon.
             The game lasted 00:00:39 (174 turns).

kae the Gusty (Ogre Air Elementalist)                Turns: 174, Time: 00:00:40

Health: -1/16      AC:  3    Str: 11    XL:     1   Next: 40%
Magic:  0/4        EV:  9    Int: 16    God:
Gold:   7          SH:  0    Dex:  9    Spells: 4/5 levels left

rFire   . . .      SeeInvis .   (no weapon)
rCold   . . .      Faith    .   (no shield)
rNeg    . . .      Spirit   .   a - +0 robe
rPois   .          Reflect  .   (helmet restricted)
rElec   .          Harm     .   (no cloak)
rCorr   .          Rampage  .   (gloves unavailable)
Will    .....                   (boots unavailable)
Stlth   +.........              (no amulet)
HPRegen 0.05/turn               (no ring)
MPRegen 0.09/turn               (no ring)

@: very slightly contaminated
A: large, unfitting armour, tough skin 1
a: no special abilities


You were on level 1 of the Dungeon.
You visited 1 branch of the dungeon, and saw 1 of its levels.

You collected 7 gold pieces.

Inventory:

Armour
 a - a +0 robe (worn)
Scrolls
 c - a scroll of torment {unknown}
Potions
 b - a potion of magic


   Skills:
 - Level 1.7 Dodging
 - Level 1.4 Stealth
 + Level 2.5 Spellcasting
 + Level 1.0 Conjurations
 * Level 2.8 Air Magic


You had 4 spell levels left.
You knew the following spells:

 Your Spells              Type           Power      Damage    Failure   Level
a - Shock                 Conj/Air       32%        1d5       9%          1

Your spell library contained the following spells:

 Spells                   Type           Power      Damage    Failure   Level
 Static Discharge         Conj/Air       8%         N/A       14%         2
 Swiftness                Air            10%        N/A       19%         3
 Airstrike                Air            5%         N/A       52%         4


Dungeon Overview and Level Annotations

Branches:
Dungeon (1/15)

Altars:


Innate Abilities, Weirdness & Mutations

You are too large for most types of armour.
You have tough skin. (AC +1)


Message History

You hit the quokka but do no damage. The quokka barely misses you.
The quokka bites you.
You hit the quokka but do no damage. The quokka completely misses you.
Your magical contamination has completely faded away.
You barely miss the quokka. The quokka bites you.
You barely miss the quokka. The quokka bites you.
You closely miss the quokka. The quokka closely misses you.
You closely miss the quokka. The quokka closely misses you.
The quokka bites you but does no damage.
You closely miss the quokka. The quokka barely misses you.
You closely miss the quokka. The quokka bites you.
* * * LOW HITPOINT WARNING * * *
You closely miss the quokka. The quokka barely misses you.
Casting: Shock (safe; 9% risk of failure)
Confirm with . or Enter, or press ? or * to list all spells.
Aiming: Shock (safe; 9% risk of failure)
Press: ? - help, Shift-Dir - straight line, f - quokka
Aim: a quokka (56% to hit)
You miscast Shock.
You are very lightly contaminated with residual magic.
Nothing appears to happen.
The quokka closely misses you.
Casting: Shock (safe; 9% risk of failure)
Confirm with . or Enter, or press ? or * to list all spells.
You don't have enough magic to cast this spell.
Casting: Shock (safe; 9% risk of failure)
Confirm with . or Enter, or press ? or * to list all spells.
You don't have enough magic to cast this spell.
You miss the quokka.
The quokka bites you but does no damage.
The quokka bites you.
* * * LOW HITPOINT WARNING * * *
You hit the quokka but do no damage.
The quokka bites you but does no damage.
You hit the quokka but do no damage. The quokka closely misses you.
Unknown command.
You barely miss the quokka.
The quokka bites you but does no damage.
You closely miss the quokka. Your punch misses the quokka.
The quokka bites you.
You die...

#.###......###...##.....##....
#.##.....[..##....#######....#
#.##........###....####......#
#.##........# ##............##
#.##........## ####......####
#.#.(..>.....# ########
#.#..........########
#....................
#############@...### +)r......
#...).... #........ #........
......... #........ #........


You could see a quokka.

Vanquished Creatures
  A ball python (D:1)
  A goblin (D:1)
2 creatures vanquished.

Notes
Turn   | Place    | Note
-------+----------+-------------------------------------------
     0 | D:1      | kae the Ogre Air Elementalist began the quest for the Orb.
     0 | D:1      | Reached XP level 1. HP: 16/16 MP: 3/3
   158 | D:1      | Reached skill level 1 in Conjurations
   174 | D:1      | Slain by a quokka

Illustrated notes

Levels and vault maps discovered:
D:1:      dpeg_arrival_snail, layout_basic, chequers_serial_rivers_micro_b

Skill      XL: |  1 |
---------------+----+-----
Conjurations   | 1 |  1.0
Dodging        | |  1.7
Stealth        | |  1.4
Spellcasting   | |  2.5
Air Magic      | |  2.8

Action                   || total
-------------------------++-------
Melee: Unarmed           ||    18
 Cast: Shock             ||     4
Armor: Robe              ||     8
Dodge: Dodged            ||    12

Table legend: (Time is in decaauts)
 A = Elapsed time spent in this place.
 B = Non-inter-level travel time spent in this place.
 C = Inter-level travel time spent in this place.
 D = Time resting spent in this place.
 E = Time spent auto-exploring this place.
 F = Levels seen in this place.
 G = Mean time per level.
                   A        B        C        D        E       F      G
               +--------+--------+--------+--------+--------+-----+--------+
         Total |    174 |    174 |      0 |      0 |    142 |   1 |  174.0 |
       Dungeon |    174 |    174 |      0 |      0 |    142 |   1 |  174.0 |
               +--------+--------+--------+--------+--------+-----+--------+

Top non-repeatable levels by time:
     D:1: 174 daAuts
